AoeStats
← .ebz

Black Forest

505270073Analyzed
4v4 RM · 24d ago on Sep 8, 2026· 22m 7s· 8 players
Game mode
Random Map
Map size
Large (8 player)
Population
200
Speed
Normal
Resources
Standard
Victory
Conquest
Starting age
Dark Age
Ending age
Imperial Age
RankedLock teamsTeams togetherTeam positionsShared explorationLock speedFull tech treeHidden civsTurbo modeCheats
Victory
Defeat
1176
+14
🇬🇧 Japanese · United Kingdom
1111
+17
🇸🇪 Romans · Sweden
1096
+17
🇹🇷 Sicilians · Türkiye
1069
+19
🇭🇷 Italians · Croatia
1149
-18
🇵🇱 Bulgarians · Poland
1125
-17
🇩🇪 Magyars · Germany
1122
-16
🇵🇱 Byzantines · Poland
1104
-16
.ebz
0:50 Loom
11:04 Feudal Age
13:27 Wheelbarrow
13:30 Scale Mail Armor
14:21 Double-Bit Axe
15:10 Horse Collar
16:33 Town Watch
22:39 Castle Age
21:50 Forging
21:49 Fletching
T.Mücke_63
12:26 Feudal Age
17:00 Castle Age
18:56 Loom
19:30 Horse Collar
21:03 Double-Bit Axe
tiwaz55
0:59 Loom
13:48 Feudal Age
20:13 Wheelbarrow
20:14 Double-Bit Axe
Brüno
4:42 Loom
9:26 Feudal Age
10:15 Horse Collar
12:15 Loom
13:02 Double-Bit Axe
19:18 Castle Age
18:01 Man-at-Arms
20:40 Arson
20:27 Long Swordsman
21:35 Forging
The Outpost Man
5:44 Loom
13:30 Feudal Age
14:53 Fishing Lines
17:37 Castle Age
17:23 Wheelbarrow
16:37 Double-Bit Axe
16:46 Gold Mining
18:41 Bow Saw
18:25 Gillnets
19:53 Hand Cart
Skafoid
0:58 Loom
11:07 Feudal Age
Si me criticas te fedeo
0:26 Loom
12:43 Feudal Age
19:11 Castle Age
17:27 Stone Mining
20:48 Town Watch
20:56 Fletching
henrygobaker
10:35 Feudal Age
11:03 Man-at-Arms
20:10 Castle Age
18:52 Fletching
19:02 Padded Archer Armor
20:30 Double-Bit Axe
20:27 Horse Collar
20:52 Crossbowman
21:57 Bodkin Arrow
Connection lost

Rejoining the realm…

Still unreachable

The connection could not be restored.

Session expired

The server has moved on; the page needs a fresh start.